 Dungeon Crawl Stone Soup version 0.26-a0-540-g8a0c9464d7 (webtiles) character file.

Game seed: 11953438737259997256

4 kae the Sneak (level 1, -1/18 HPs)
             Began as a Demonspawn Delver on Aug 24, 2020.
             Was an Initiate of Okawaru.
             Slain by an orc
             ... wielding a +0 club
              (4 damage)
             ... on level 6 of the Dungeon.
             The game lasted 00:01:20 (594 turns).

kae the Sneak (Demonspawn Delver)                    Turns: 594, Time: 00:01:20

Health: -1/18      AC:  3    Str: 12    XL:     1   Next: 50%
Magic:  1/1        EV: 12    Int: 11    God:    Okawaru [......]
Gold:   26         SH:  0    Dex: 14    Spells: 0/0 levels left

rFire    . . .     SeeInvis .     - Unarmed
rCold    . . .     Faith    .   (no shield)
rNeg     . . .     Spirit   .   a - +0 leather armour
rPois    .         Reflect  .   (no helmet)
rElec    .         Harm     .   (no cloak)
rCorr    .                      (no gloves)
MR       .....                  (no boots)
Stlth    +++.......             (no amulet)
HPRegen  0.06/turn              g - ring of wizardry
MPRegen  0.07/turn              h - ring of stealth

@: no status effects
A: no striking features
a: Renounce Religion


You were on level 6 of the Dungeon.
You worshipped Okawaru.
Okawaru was noncommittal.
You visited 2 branches of the dungeon, and saw 3 of its levels.

You collected 26 gold pieces.

Inventory:

Armour
 a - a +0 leather armour (worn)
Jewellery
 g - a ring of wizardry (left hand)
 h - a ring of stealth (right hand)
Wands
 f - a wand of digging (3)
Scrolls
 b - a scroll of fog
 c - 2 scrolls of magic mapping
 d - a scroll of fear
 j - a scroll of noise {unknown}
Potions
 e - a potion of haste


   Skills:
 + Level 3.0 Fighting
 - Level 1.7 Dodging
 - Level 4.5 Stealth
 * Level 2.0 Unarmed Combat


You couldn't memorise any spells.
You didn't know any spells.
Your spell library was empty.

Dungeon Overview and Level Annotations

Branches:
Dungeon (6/15)             Temple (1/1) D:5

Altars:
Ashenzari
Cheibriados
Dithmenos
Elyvilon
Fedhas
Kikubaaqudgha
Makhleb
Nemelex Xobeh
Okawaru
Qazlal
Ru
Uskayaw
Vehumet
Wu Jian
Xom
Yredelemnul
Zin
The Shining One

Shops:
D:5 (

Annotations:
D:5 exclusions: centaur, hippogriff, 2 orcs, phantom, scorpion and worker ant


Message History

The orc misses you.
Really walk into a travel-excluded area?
The orc misses you.
Unknown command.
There is an open door here.
The orc closely misses you.
There is a stone staircase leading down here.
You climb downwards.
You feel a little less clever now.
There is a stone staircase leading up here.
You closely miss the orc. The orc barely misses you.
You barely miss the orc. The orc hits you with a +0 club.
* * * LOW HITPOINT WARNING * * *
You hit the orc.
The orc is lightly wounded.
The orc closely misses you.
You hit the orc.
The orc is almost dead.
The orc hits you with a +0 club.
You die... # ###.# #@o.# #####

You could see an orc.

Vanquished Creatures
  3 jackals (D:5)
3 creatures vanquished.

Notes
Turn   | Place    | Note
-------+----------+-------------------------------------------
     0 | D:5      | kae the Demonspawn Delver began the quest for the Orb.
     0 | D:5      | Reached XP level 1. HP: 18/18 MP: 1/1
     9 | D:5      | Found Otekk's Antique Weapon Emporium.
    12 | D:5      | Noticed a centaur
    18 | D:5      | Found a staircase to the Ecumenical Temple.
    51 | Temple   | Entered the Ecumenical Temple
   222 | Temple   | Became a worshipper of Warmaster Okawaru
   452 | D:5      | Noticed a scorpion
   463 | D:5      | Noticed a worker ant
   475 | D:5      | Noticed a hippogriff
   487 | D:5      | Noticed a phantom
   594 | D:6      | Slain by an orc

Illustrated notes

Levels and vault maps discovered:
D:5:      layout_basic, temple_green, serial_shops, shop, nrook_mini_backslash
D:6:      layout_basic, basic_altar
Temple:   regret_index_temple_mists

Skill      XL: |  1 |
---------------+----+-----
Unarmed Combat | 2 |  2.0
Fighting       | |  3.0
Dodging        | |  1.7
Stealth        | |  4.5

Action                   || total
-------------------------++-------
Melee: Unarmed           ||    31
  Use: Potion            ||     1
Armor: Leather armour    ||     5
Dodge: Dodged            ||    29

Table legend: (Time is in decaauts)
 A = Elapsed time spent in this place.
 B = Non-inter-level travel time spent in this place.
 C = Inter-level travel time spent in this place.
 D = Time resting spent in this place.
 E = Time spent auto-exploring this place.
 F = Levels seen in this place.
 G = Mean time per level.
                   A        B        C        D        E       F      G
               +--------+--------+--------+--------+--------+-----+--------+
         Total |    653 |    596 |     57 |     98 |    359 |   3 |  217.7 |
       Dungeon |    399 |    389 |     10 |     98 |    155 |   2 |  199.5 |
        Temple |    253 |    206 |     47 |      0 |    204 |   1 |  253.0 |
               +--------+--------+--------+--------+--------+-----+--------+

Top non-repeatable levels by time:
     D:5: 395 daAuts
  Temple: 253 daAuts
     D:6: 3 daAuts
